[Event "WYCC 2018 G14"]
[Site "Halkidiki"]
[Date "2018.10.22"]
[Round "4"]
[White "Velea, Anne-Marie"]
[Black "Gregurkova, Nikola"]
[Result "1-0"]
[ECO "B01"]
[WhiteElo "1859"]
[BlackElo "1627"]
[Annotator "NA"]
[PlyCount "75"]
[EventDate "2018.10.20"]
[EventType "swiss"]
[EventCountry "GRE"]
[SourceTitle "playchess.com"]
[Source "ChessBase"]
[SourceQuality "1"]
[TimeControl "40/5400+30:1800+30"]

1. e4 d5 2. exd5 Qxd5 3. Nc3 Qa5 4. d4 Nf6 5. Bc4 Bg4 6. Nf3 Nc6 7. Bd2 Qh5 8. Bb5 O-O-O 9. Bxc6 bxc6 10. Qe2 Bxf3 11. gxf3 Kb7 12. Be3 e6 13. O-O-O Bb4 14. Rd3 Ka8 15. a3 Ba5 16. Na4 Bb6 17. c4 Qa5 18. Qc2 c5 19. Nxc5 Bxc5 20. dxc5 c6 21. Rhd1 Qc7 22. Rd6 Rd7 23. Qa4 Rhd8 24. Qb4 Ne8 25. Rxd7 Rxd7 26. Rxd7 Qxd7 27. Qd2 Qxd2+ 28. Kxd2 Kb7 29. b4 a6 30. a4 e5 31. f4 e4 32. Kc3 f5 33. Kd4 g6 34. Ke5 Kc7 35. Ke6 Kd8 36. Bd4 h6 37. h4 Kc7 38. Ke7 1-0

[Event "WYCC 2018 G14"]
[Site "Halkidiki"]
[Date "2018.10.22"]
[Round "4"]
[White "Tamrazyan, Gohar"]
[Black "Pandey, Divya"]
[Result "1-0"]
[ECO "A04"]
[WhiteElo "1824"]
[BlackElo "1523"]
[Annotator "NA"]
[PlyCount "47"]
[EventDate "2018.10.20"]
[EventType "swiss"]
[EventCountry "GRE"]
[SourceTitle "playchess.com"]
[Source "ChessBase"]
[SourceQuality "1"]
[TimeControl "40/5400+30:1800+30"]

1. Nf3 Nc6 2. e3 e5 3. b3 d5 4. Bb2 Bg4 5. Be2 Bd6 6. O-O Nge7 7. d4 e4 8. Nfd2 Bxe2 9. Qxe2 O-O 10. c4 Bb4 11. cxd5 Qxd5 12. Nc3 Bxc3 13. Bxc3 f5 14. f3 Ng6 15. fxe4 fxe4 16. Qg4 Rae8 17. Rxf8+ Kxf8 18. Rf1+ Kg8 19. Rf5 Qd8 20. Qe2 Nce7 21. Qc4+ Kh8 22. Rh5 c6 23. Nxe4 b5 24. Qf7 1-0

[Event "WYCC 2018 G14"]
[Site "Halkidiki"]
[Date "2018.10.22"]
[Round "4"]
[White "Kouta, Antonia"]
[Black "Tsakona, Maria"]
[Result "1-0"]
[ECO "B27"]
[WhiteElo "1812"]
[BlackElo "1503"]
[Annotator "NA"]
[PlyCount "77"]
[EventDate "2018.10.20"]
[EventType "swiss"]
[EventCountry "GRE"]
[SourceTitle "playchess.com"]
[Source "ChessBase"]
[SourceQuality "1"]
[TimeControl "40/5400+30:1800+30"]

1. e4 c5 2. Nf3 g6 3. d4 cxd4 4. Nxd4 Nf6 5. f3 Bg7 6. Be3 Nc6 7. Qd2 d6 8. c4 Nd7 9. Nc3 O-O 10. Be2 Nde5 11. g4 Be6 12. Nd5 Bxd5 13. exd5 Nxd4 14. Bxd4 Re8 15. Qc3 Bh6 16. h4 Rc8 17. g5 Bf8 18. h5 e6 19. f4 Nd7 20. hxg6 fxg6 21. dxe6 Rxe6 22. Rxh7 Rxe2+ 23. Kxe2 Qe8+ 24. Kf2 Kxh7 25. Qh3+ Kg8 26. Qh8+ Kf7 27. Qh7+ Ke6 28. Re1+ Kf5 29. Rxe8 Rxe8 30. Qf7+ Nf6 31. Qxf6+ Kg4 32. Qxg6 Re7 33. f5 Re4 34. Be3 a5 35. f6 Re5 36. Qf7 Rf5+ 37. Ke2 Bh6 38. gxh6 Rh5 39. Qg6+ 1-0

[Event "WYCC 2018 G14"]
[Site "Halkidiki"]
[Date "2018.10.22"]
[Round "4"]
[White "Sleurs, Juliette"]
[Black "Toncheva, Nadya"]
[Result "1-0"]
[ECO "B30"]
[WhiteElo "1812"]
[BlackElo "2002"]
[Annotator "NA"]
[PlyCount "107"]
[EventDate "2018.10.20"]
[EventType "swiss"]
[EventCountry "GRE"]
[SourceTitle "playchess.com"]
[Source "ChessBase"]
[SourceQuality "1"]
[TimeControl "40/5400+30:1800+30"]

1. e4 c5 2. Nf3 Nc6 3. Bb5 e6 4. Bxc6 bxc6 5. O-O d5 6. d3 Bd6 {[%emt 0:03:10] B30: Sicilian: 2...Nc6 3 Bb5, lines without ...g6} (6... Nf6 7. Qe2 Be7 8. e5 Nd7 9. c4 O-O 10. Nc3 f6 11. exf6 Nxf6 12. Ne5 Qc7 13. Bg5 Bd6 14. Rae1 Ba6 {0-1 (79) Maslak,K (2566)-Grekh,A (2395) Pardubice 2017}) 7. c4 Ne7 8. Nc3 O-O 9. e5 $146 ({Predecessor:} 9. b3 e5 10. Re1 Bg4 11. h3 Bh5 12. g4 Bg6 13. Nh4 d4 14. Na4 {½-½ (52) Battey,A (2326)-Farago,S (2269) Budapest 2011}) 9... Bc7 10. Bg5 h6 11. Bh4 Qe8 12. Na4 Nf5 13. Re1 Rb8 14. Qc2 Ba5 15. Rec1 d4 16. Nxc5 Bc7 17. Bg3 Nxg3 18. hxg3 Qe7 19. Ne4 c5 20. a3 a5 21. Ned2 Bd7 22. a4 Bc6 23. Re1 Rb4 24. b3 Rfb8 25. Rab1 $11 Qf8 26. Qd1 R8b7 27. Nh4 g5 28. Nhf3 Qb8 29. Ra1 Kh7 30. Qe2 Kg7 31. g4 Qh8 32. Nh2 Kg6 33. Nhf1 h5 34. gxh5+ Qxh5 35. Qxh5+ Kxh5 36. Ng3+ Kg6 37. Nge4 Bxe4 38. Nxe4 Bb6 39. Rab1 Rd7 40. g3 Ba7 41. Kg2 Rb8 42. f4 gxf4 43. gxf4 Rdb7 44. Nd2 Rh8 45. Rh1 Rbb8 46. Kf3 Rxh1 47. Rxh1 Kg7 48. Ke4 Rh8 49. Rxh8 Kxh8 50. f5 Kg7 51. Kf4 Bb6 52. Ne4 Ba7 53. fxe6 fxe6 54. Ng5 1-0

[Event "WYCC 2018 G14"]
[Site "Halkidiki"]
[Date "2018.10.22"]
[Round "4"]
[White "Obada, Ema"]
[Black "Galvan Cipriani, Viviana"]
[Result "1/2-1/2"]
[ECO "B31"]
[WhiteElo "1811"]
[BlackElo "2109"]
[Annotator "ChessBase"]
[PlyCount "161"]
[EventDate "2018.10.20"]
[EventType "swiss"]
[EventCountry "GRE"]
[SourceTitle "playchess.com"]
[Source "ChessBase"]
[SourceQuality "1"]
[TimeControl "40/5400+30:1800+30"]

1. e4 c5 2. Nf3 Nc6 3. Bb5 g6 4. Bxc6 bxc6 5. d4 Bg7 6. dxc5 Qa5+ 7. Nbd2 Ba6 8. Rb1 Qxc5 9. b4 Qd6 10. c4 Qd3 11. Bb2 Nf6 12. Ne5 Qd6 13. O-O O-O 14. a3 Qc7 15. Re1 d6 16. Nef3 e5 17. Qa4 Bb7 18. c5 Nd7 19. cxd6 Qxd6 20. Nc4 Qe7 21. Na5 Nb6 22. Qc2 Rfe8 23. Nxc6 Qc7 24. Rbc1 Rac8 25. b5 Bxc6 26. bxc6 Re6 27. Qb3 Qe7 28. Qb5 Qe8 29. h3 f6 30. Qb3 Kh8 31. c7 Re7 32. Qc2 Qf7 33. Red1 Bh6 34. Rd8+ Kg7 35. Rcd1 Rcxc7 36. Qe2 Nc4 37. Nh4 Nxb2 38. Qxb2 Red7 39. Nf3 Rxd8 40. Rxd8 Bc1 41. Qb5 Bxa3 42. g4 Rb7 43. Qd3 Be7 44. Rd5 h6 45. Qc2 Qe6 46. Kg2 Rd7 47. Rb5 Bd6 48. Qa4 Qe7 49. Qa6 Bc5 50. Rb2 Rd6 51. Qc4 Rb6 52. Rc2 Bb4 53. Qd5 Rd6 54. Qb5 a5 55. Rc8 Rd8 56. Rc6 Ra8 57. Qb6 Ra7 58. g5 hxg5 59. Nxe5 Qb7 60. Rxf6 Qxe4+ 61. Rf3 Rb7 62. Qf6+ Kh7 63. Nf7 Rxf7 64. Qxf7+ Kh6 65. Qf6 Qb7 66. Qh8+ Qh7 67. Qe5 Qg7 68. Qe8 Qb7 69. Qe3 Bd6 70. h4 Qd5 71. Qe8 Be5 72. hxg5+ Kxg5 73. Qe7+ Kh6 74. Qh4+ Kg7 75. Qg5 Qe4 76. Qe7+ Kh6 77. Qe6 Kg5 78. Qe7+ Kh6 79. Qa3 Qd5 80. Qe3+ g5 81. Kg1 1/2-1/2

[Event "WYCC 2018 G14"]
[Site "Halkidiki"]
[Date "2018.10.22"]
[Round "4"]
[White "Jaufarally, Nadia"]
[Black "Guillo Longares, Cecilia"]
[Result "0-1"]
[ECO "B31"]
[WhiteElo "1810"]
[BlackElo "1998"]
[Annotator "NA"]
[PlyCount "120"]
[EventDate "2018.10.20"]
[EventType "swiss"]
[EventCountry "GRE"]
[SourceTitle "playchess.com"]
[Source "ChessBase"]
[SourceQuality "1"]
[TimeControl "40/5400+30:1800+30"]

1. e4 c5 2. Nf3 Nc6 3. Bb5 g6 4. Bxc6 dxc6 5. d3 Bg7 6. Nc3 Bg4 7. h3 Bxf3 8. Qxf3 Nf6 9. Qg3 Nh5 10. Qh4 Qa5 11. Bd2 Qb6 12. Rb1 Bf6 13. Qg4 O-O 14. O-O Qa5 15. f4 Bd4+ 16. Kh1 c4 17. Qf3 cxd3 18. cxd3 Rad8 19. Rbd1 Qb6 20. b3 Qa6 21. a4 Qb6 22. Rb1 Qb4 23. Rfc1 Bb6 24. Rd1 Qd6 25. Bc1 Rd7 26. Ne2 Rfd8 27. Be3 Bxe3 28. Qxe3 c5 29. d4 cxd4 30. Rxd4 Qb6 31. a5 Qxa5 32. Rxd7 Rxd7 33. b4 Qa2 34. Qc1 Rd2 35. Qc8+ Kg7 36. Qc3+ f6 37. Ra1 Qb2 38. Qxb2 Rxb2 39. g4 Rxe2 40. gxh5 Rxe4 41. b5 Rb4 42. Rxa7 Rxb5 43. hxg6 hxg6 44. Kg2 Rb3 45. h4 Kf7 46. Ra5 b5 47. Ra7 Rb2+ 48. Kg3 b4 49. f5 gxf5 50. h5 b3 51. h6 Kg6 52. Rxe7 Kxh6 53. Re1 Kg5 54. Kf3 f4 55. Ke4 Rg2 56. Kf3 Rg3+ 57. Kf2 b2 58. Rb1 Rb3 59. Rg1+ Kf5 60. Rb1 Ke4 0-1

[Event "WYCC 2018 G14"]
[Site "Halkidiki"]
[Date "2018.10.22"]
[Round "4"]
[White "Zeliantsova, Kseniya"]
[Black "Stepanyan, Eva"]
[Result "1/2-1/2"]
[ECO "B40"]
[WhiteElo "1804"]
[BlackElo "1981"]
[Annotator "NA"]
[PlyCount "56"]
[EventDate "2018.10.20"]
[EventType "swiss"]
[EventCountry "GRE"]
[SourceTitle "playchess.com"]
[Source "ChessBase"]
[SourceQuality "1"]
[TimeControl "40/5400+30:1800+30"]

1. e4 c5 2. Nf3 e6 3. c4 Nc6 4. Nc3 d6 5. Be2 g6 6. d4 Bg7 7. Be3 $14 cxd4 8. Nxd4 Nxd4 9. Bxd4 Nf6 10. Qd3 O-O 11. Rd1 Qa5 12. O-O Rd8 13. Nb5 Ne8 14. Bxg7 Kxg7 15. a3 Rd7 16. f4 Qb6+ 17. Kh1 a6 18. Nd4 Nf6 19. f5 e5 20. fxg6 hxg6 21. Qf3 Qd8 22. Nc2 Rc7 23. Ne3 Be6 24. Rxd6 Qxd6 25. Qxf6+ Kg8 26. Nf5 Qf8 27. Rf3 Bxf5 28. exf5 Qe7 1/2-1/2

[Event "WYCC 2018 G14"]
[Site "Halkidiki"]
[Date "2018.10.22"]
[Round "4"]
[White "Somton, Anita"]
[Black "Kumar, Arya"]
[Result "0-1"]
[ECO "B13"]
[WhiteElo "1787"]
[BlackElo "1619"]
[Annotator "NA"]
[PlyCount "98"]
[EventDate "2018.10.20"]
[EventType "swiss"]
[EventCountry "GRE"]
[SourceTitle "playchess.com"]
[Source "ChessBase"]
[SourceQuality "1"]
[TimeControl "40/5400+30:1800+30"]

1. e4 c6 2. d4 d5 3. exd5 cxd5 4. Bd3 Nc6 5. c3 g6 6. h3 Bg7 7. Nf3 Nf6 8. O-O O-O 9. Bf4 Bf5 10. Bxf5 gxf5 11. Ne5 Nxe5 12. dxe5 Ne4 13. Nd2 Qc7 14. Nf3 e6 15. Qc1 Qe7 16. Qe3 a6 17. Rfe1 Rac8 18. Nd2 Kh8 19. f3 Nxd2 20. Qxd2 Rc4 21. Rad1 b5 22. b3 Rc6 23. Kh1 Rfc8 24. Rc1 Qc7 25. Qf2 Qd7 26. Qd4 R8c7 27. Bd2 Qc8 28. f4 a5 29. Rcd1 Bf8 30. Qf2 b4 31. cxb4 axb4 32. Qh4 Be7 33. Qh5 Rc2 34. Re3 Qg8 35. Kh2 Qg6 36. Qe2 R7c3 37. Qf3 Rc8 38. Qe2 Qh6 39. Rf3 Rxa2 40. Qb5 Rcc2 41. Qe8+ Qf8 42. Qxf8+ Bxf8 43. Rd3 f6 44. exf6 Bd6 45. Kh1 Kg8 46. g4 fxg4 47. hxg4 Kf7 48. g5 Kg6 49. Kg2 Bxf4 0-1

[Event "WYCC 2018 G14"]
[Site "Halkidiki"]
[Date "2018.10.22"]
[Round "4"]
[White "Murzina, Agata"]
[Black "Alimova, Sevinch"]
[Result "1/2-1/2"]
[ECO "B23"]
[WhiteElo "1768"]
[BlackElo "1596"]
[Annotator "NA"]
[PlyCount "92"]
[EventDate "2018.10.20"]
[EventType "swiss"]
[EventCountry "GRE"]
[SourceTitle "playchess.com"]
[Source "ChessBase"]
[SourceQuality "1"]
[TimeControl "40/5400+30:1800+30"]

1. e4 c5 2. Nc3 e6 3. g3 d5 4. Bg2 dxe4 5. Nxe4 Nc6 6. d3 Be7 7. Ne2 Nf6 8. N2c3 O-O 9. Be3 Nxe4 10. Nxe4 f5 11. Nc3 Qd7 12. Qd2 b6 13. O-O-O Bb7 14. f4 Bf6 15. a3 Nd4 16. Bxd4 cxd4 17. Na2 Rac8 18. Bxb7 Qxb7 19. Qe2 Rfe8 20. g4 fxg4 21. Qxg4 a5 22. Rhg1 Qd5 23. Kb1 b5 24. Nc1 b4 25. axb4 axb4 26. Rd2 Ra8 27. Nb3 Ra7 28. Re2 Rae7 29. Re4 e5 30. fxe5 Rxe5 31. Rge1 Rxe4 32. Rxe4 Rxe4 33. Qxe4 Qxe4 34. dxe4 Be5 35. h3 Kf7 36. Kc1 g5 37. Kd2 h5 38. Ke2 Kg6 39. Kf3 Kf6 40. Na5 Bd6 41. b3 Bc5 42. Nb7 Be7 43. Na5 Bc5 44. Nc4 Ke6 45. Nb2 Be7 46. Nc4 Bd6 1/2-1/2

[Event "WYCC 2018 G14"]
[Site "Halkidiki"]
[Date "2018.10.22"]
[Round "4"]
[White "Gabbani, Sara"]
[Black "Mironenko, Galina"]
[Result "1/2-1/2"]
[ECO "B24"]
[WhiteElo "1764"]
[BlackElo "2053"]
[Annotator "NA"]
[PlyCount "60"]
[EventDate "2018.10.20"]
[EventType "swiss"]
[EventCountry "GRE"]
[SourceTitle "playchess.com"]
[Source "ChessBase"]
[SourceQuality "1"]
[TimeControl "40/5400+30:1800+30"]

1. e4 c5 2. Nc3 Nc6 3. Nf3 g6 4. Bc4 Bg7 5. a3 a6 6. d3 e6 7. O-O Nge7 8. Be3 Nd4 9. Bg5 h6 10. Bh4 O-O $11 11. Nxd4 cxd4 12. Ne2 g5 13. Bg3 d5 14. exd5 Nxd5 15. Bxd5 Qxd5 16. f4 b5 17. Qd2 g4 18. f5 exf5 19. Nf4 Qc5 20. Rae1 Bb7 21. Nh5 Rac8 22. Nxg7 Kxg7 23. Bf4 Rh8 24. Re2 Rc6 25. Rfe1 Rhc8 26. Qc1 Qd5 27. Rf1 Re6 28. Rfe1 Rec6 29. Rf1 Re6 30. Rfe1 Rec6 1/2-1/2

[Event "WYCC 2018 G14"]
[Site "Halkidiki"]
[Date "2018.10.22"]
[Round "4"]
[White "De Rycke, Tyani"]
[Black "Burdot, Clara"]
[Result "1-0"]
[ECO "B01"]
[WhiteElo "1758"]
[BlackElo "1472"]
[Annotator "NA"]
[PlyCount "93"]
[EventDate "2018.10.20"]
[EventType "swiss"]
[EventCountry "GRE"]
[SourceTitle "playchess.com"]
[Source "ChessBase"]
[SourceQuality "1"]
[TimeControl "40/5400+30:1800+30"]

1. e4 d5 2. Nc3 d4 3. Nce2 e5 4. Ng3 Be6 5. Bb5+ c6 6. Ba4 Nd7 7. d3 f6 8. Bb3 Nc5 9. Bxe6 Nxe6 10. N1e2 Bd6 11. Nf5 Ne7 12. Neg3 Nxf5 13. Nxf5 Qd7 14. Qh5+ Kd8 15. Qg4 Kc7 16. Bd2 Rag8 17. g3 g6 18. Nxd6 Qxd6 19. f4 exf4 20. gxf4 h5 21. Qf3 g5 22. f5 Nf4 23. O-O-O h4 24. Bxf4 Qxf4+ 25. Qxf4+ gxf4 26. Rdf1 h3 27. Rxf4 Rg2 28. Rf3 Kd6 29. Rg3 Rxg3 30. hxg3 h2 31. Kd2 Rh3 32. Ke2 Rxg3 33. Rxh2 Rg7 34. Kf3 Ke5 35. Rh8 Re7 36. Rd8 Rh7 37. Re8+ Kd6 38. Re6+ Kd7 39. Rxf6 Rh1 40. Rf7+ Kc8 41. e5 Re1 42. Re7 Kd8 43. f6 Rf1+ 44. Ke4 c5 45. Kd5 Rf2 46. Kd6 b6 47. f7 1-0

[Event "WYCC 2018 G14"]
[Site "Halkidiki"]
[Date "2018.10.22"]
[Round "4"]
[White "Kurmangaliyeva, Liya"]
[Black "Brunner, Sophia"]
[Result "1-0"]
[ECO "C15"]
[WhiteElo "1733"]
[BlackElo "1812"]
[Annotator "NA"]
[PlyCount "107"]
[EventDate "2018.10.20"]
[EventType "swiss"]
[EventCountry "GRE"]
[SourceTitle "playchess.com"]
[Source "ChessBase"]
[SourceQuality "1"]
[TimeControl "40/5400+30:1800+30"]

1. e4 e6 2. d4 d5 3. Nc3 Bb4 4. exd5 exd5 5. Bd3 Be6 6. Nge2 Nf6 7. O-O O-O 8. Nf4 Re8 9. Nxe6 Rxe6 10. Bg5 c6 11. Qf3 h6 12. Bh4 g5 13. Bg3 Bd6 14. Bf5 Re8 15. Rae1 Qc7 16. Rxe8+ Nxe8 17. h4 Ng7 18. Bd3 Nd7 19. hxg5 hxg5 20. Qg4 Bxg3 21. fxg3 f6 22. Qh3 Kf7 23. Qh6 Rg8 24. Bh7 Qxg3 25. Qg6+ Kf8 26. Bxg8 Kxg8 27. Nd1 Qg4 28. c3 Qe6 29. Qd3 Qe7 30. Ne3 Qe6 31. b3 Nf8 32. c4 dxc4 33. bxc4 Qd6 34. Ng4 f5 35. c5 Qe6 36. Ne3 f4 37. Nc2 Qd5 38. Re1 Qd7 39. Nb4 Nfe6 40. d5 cxd5 41. Nxd5 Qf7 42. Qc3 Nf5 43. Qe5 Nfd4 44. Nf6+ Kf8 45. Rd1 Nc6 46. Qc3 Qe7 47. Nd7+ Kg8 48. Qc2 Qf7 49. Qe4 Kh8 50. Rd6 Ncd8 51. Qe5+ Kg8 52. Nf6+ Kf8 53. Rd7 Qg6 54. Qd6# 1-0

[Event "WYCC 2018 G14"]
[Site "Halkidiki"]
[Date "2018.10.22"]
[Round "4"]
[White "Hernandez Guerra, Luna Yue"]
[Black "Zhu, Evelyn"]
[Result "0-1"]
[ECO "A03"]
[WhiteElo "1659"]
[BlackElo "1926"]
[Annotator "NA"]
[PlyCount "68"]
[EventDate "2018.10.20"]
[EventType "swiss"]
[EventCountry "GRE"]
[SourceTitle "playchess.com"]
[Source "ChessBase"]
[SourceQuality "1"]
[TimeControl "40/5400+30:1800+30"]

1. f4 d5 2. Nf3 Bg4 3. e3 Nd7 4. Be2 Ngf6 5. Nc3 c6 6. b3 Bxf3 7. Bxf3 e5 8. d3 Bb4 9. Bd2 Qe7 10. O-O O-O-O 11. Qe1 Rde8 12. Qf2 h5 13. h3 Qd6 14. a3 Bxa3 15. Nb1 Bc5 16. fxe5 Nxe5 17. Be2 d4 18. Qf5+ Ned7 19. Ra4 dxe3 20. Bc3 Rh6 21. d4 Bb6 22. Na3 Bc7 23. Rf4 Qxf4 24. Qxf4 Bxf4 25. Rxa7 Bb8 26. Ra8 Nb6 27. Ra5 Nfd5 28. Be1 Nf4 29. Bf3 Rg6 30. c4 Nd3 31. Nc2 Nxe1 32. Nxe1 Bg3 33. c5 Bxe1 34. Ra1 Bc3 0-1

[Event "WYCC 2018 G14"]
[Site "Halkidiki"]
[Date "2018.10.22"]
[Round "4"]
[White "Yellamraju, Ambica"]
[Black "Anghel, Maria"]
[Result "0-1"]
[ECO "D26"]
[WhiteElo "1647"]
[BlackElo "1801"]
[Annotator "NA"]
[PlyCount "73"]
[EventDate "2018.10.20"]
[EventType "swiss"]
[EventCountry "GRE"]
[SourceTitle "playchess.com"]
[Source "ChessBase"]
[SourceQuality "1"]
[TimeControl "40/5400+30:1800+30"]

1. d4 d5 2. c4 dxc4 3. Nf3 Nf6 4. e3 e6 5. Bxc4 a6 6. O-O Nbd7 7. Nbd2 b5 8. Bd3 c5 9. b3 Bb7 10. a4 b4 11. Bb2 Be7 12. Qe2 O-O 13. Rac1 cxd4 14. Nxd4 Nc5 15. Bc4 Qb6 16. N2f3 Rfd8 17. Rfd1 Rac8 18. Ne5 Be4 19. Kh1 Qb7 20. f3 Bd5 21. e4 Bxc4 22. Rxc4 Nfd7 23. Rxb4 Qa8 24. Nxd7 Rxd7 25. Nc2 Rxd1+ 26. Qxd1 Rd8 27. Rd4 Nxb3 28. Rxd8+ Qxd8 29. Qxd8+ Bxd8 30. Ba3 Bb6 31. Nb4 Bc5 32. Nc2 a5 33. Bxc5 Nxc5 34. Nd4 Kf8 35. Kg1 Ke8 36. Kf2 f6 37. Ke3 0-1

[Event "WYCC 2018 G14"]
[Site "Halkidiki"]
[Date "2018.10.22"]
[Round "4"]
[White "Arauco Celestino, Arianna Sofia"]
[Black "Rodriguez Redondo, Adhara"]
[Result "1/2-1/2"]
[ECO "A06"]
[WhiteElo "1610"]
[BlackElo "1911"]
[Annotator "NA"]
[PlyCount "144"]
[EventDate "2018.10.20"]
[EventType "swiss"]
[EventCountry "GRE"]
[SourceTitle "playchess.com"]
[Source "ChessBase"]
[SourceQuality "1"]
[TimeControl "40/5400+30:1800+30"]

1. Nf3 d5 2. g3 Nf6 3. Bg2 Bg4 4. c4 c6 5. Qb3 Qc7 6. d4 Nbd7 7. Bf4 Qb6 8. c5 Qxb3 9. axb3 Nh5 10. Bc7 Bf5 11. O-O h6 12. Nbd2 g5 13. b4 Bg7 14. Ra5 O-O 15. h3 Rfc8 16. g4 Rxc7 17. gxf5 Nf4 18. e3 Nxg2 19. Kxg2 a6 20. h4 gxh4 21. Kh3 Kh7 22. Raa1 Rg8 23. Rg1 e5 24. Kxh4 exd4 25. exd4 Re8 26. Rae1 Rcc8 27. Kg3 Nf6 28. Rh1 Kg8 29. Kf4 Kf8 30. Ne5 Re7 31. Kg3 Rce8 32. f4 Rc7 33. Kf3 Ng8 34. Rhg1 Ne7 35. Kg4 h5+ 36. Kxh5 Nxf5 37. Ndf3 Re6 38. Kg5 Ne7 39. Kg4 Ng8 40. Re2 Nh6+ 41. Kg3 Rf6 42. Rge1 Nf5+ 43. Kf2 Ne7 44. Ke3 Bh6 45. Ng5 Bxg5 46. fxg5 Rf5 47. Nf3 Ng6 48. Kf2 Nh4 49. Re8+ Kg7 50. R1e3 Nxf3 51. Rxf3 Rxg5 52. Ke3 Rg2 53. b3 Rg6 54. Rh3 Rd7 55. Kf4 Kf6 56. Rh5 Rg1 57. Rf5+ Kg7 58. Rh5 Rf1+ 59. Kg4 Rg1+ 60. Kf4 Rf1+ 61. Kg4 Rg1+ 62. Kf4 Rg2 63. Rhh8 Rf2+ 64. Kg4 Rd2 65. Kf5 Rf2+ 66. Kg5 Rg2+ 67. Kf5 Rf2+ 68. Kg5 Rg2+ 69. Kf5 Rf2+ 70. Kg5 f6+ 71. Kg4 f5+ 72. Kg3 Rb2 1/2-1/2

[Event "WYCC 2018 G14"]
[Site "Halkidiki"]
[Date "2018.10.22"]
[Round "4"]
[White "Saraci, Rinesa"]
[Black "Allahverdiyeva, Ayan"]
[Result "0-1"]
[ECO "B40"]
[WhiteElo "1138"]
[BlackElo "2116"]
[Annotator "NA"]
[PlyCount "84"]
[EventDate "2018.10.20"]
[EventType "swiss"]
[EventCountry "GRE"]
[SourceTitle "playchess.com"]
[Source "ChessBase"]
[SourceQuality "1"]
[TimeControl "40/5400+30:1800+30"]

1. e4 c5 2. Nf3 e6 3. Bc4 Nc6 4. O-O d6 5. d3 Be7 6. Nc3 Nf6 7. Bg5 h6 {[%emt 0:00:43] B50: Sicilian: 2...d6, Miscellaneous} (7... O-O 8. Rb1 a6 9. a4 h6 10. Bh4 Bd7 11. Re1 Qc7 12. Ra1 Rfe8 13. h3 Qb6 14. Qc1 Nd4 15. Nxd4 cxd4 {0-1 (27) Onem,C (2283)-Goze,T (2437) ICCF email 2007}) 8. Bh4 a6 9. a3 O-O 10. Re1 Bd7 $146 ({Predecessor:} 10... b5 11. Bb3 Bb7 12. h3 Qb6 13. Bg3 Rac8 14. Qd2 Nd7 15. Ne2 {0-1 (50) Zehendner,M (1773)-Joachimsthaler,K (1810) GER email 2011}) 11. Qe2 b5 12. Ba2 Qb6 13. Bg3 a5 14. e5 dxe5 15. Nxe5 Nd4 16. Qd1 b4 17. Ne2 Ba4 18. Nxd4 cxd4 19. axb4 $11 axb4 20. Bc4 Rfc8 21. b3 Be8 22. Qf3 Ra3 23. Rec1 Qa7 24. Qd1 Ra8 25. Rab1 Ra2 26. h3 Nd5 27. Bxd5 exd5 28. Qe2 Qc5 29. h4 Bf6 30. Nf3 Bd7 31. Ne1 Qa5 32. Qd1 Be6 33. Kh1 Qd8 34. Nf3 Bg4 35. Kg1 Rc8 36. Ra1 Ra3 37. Qd2 Bxf3 38. gxf3 Bxh4 39. Bxh4 Qxh4 40. Rxa3 bxa3 41. Qa5 Qg5+ 42. Kh2 Qxc1 0-1

[Event "WYCC 2018 G14"]
[Site "Halkidiki"]
[Date "2018.10.23"]
[Round "5"]
[White "Nurgali, Nazerke"]
[Black "Mehmed, Elif"]
[Result "1-0"]
[ECO "D52"]
[WhiteElo "2263"]
[BlackElo "2049"]
[Annotator "NA"]
[PlyCount "75"]
[EventDate "2018.10.20"]
[EventType "swiss"]
[EventCountry "GRE"]
[SourceTitle "playchess.com"]
[Source "ChessBase"]
[SourceQuality "1"]
[TimeControl "40/5400+30:1800+30"]

1. d4 d5 2. Nf3 Nf6 3. c4 c6 4. Nc3 e6 5. Bg5 Nbd7 6. e3 Qa5 7. Nd2 Bb4 8. Qc2 O-O 9. Be2 c5 10. O-O cxd4 11. Nb3 Qd8 12. Nxd4 dxc4 13. Bxc4 Qa5 14. Bh4 Bxc3 15. bxc3 Nd5 16. Rac1 Qc5 17. Bd3 h6 $14 18. Bg3 a6 19. e4 N5b6 20. Nb3 Qc6 21. Qe2 Nc5 22. Bb1 Nca4 23. c4 Nd7 24. e5 Nac5 25. Rfd1 b6 26. Rd6 Qc7 27. Qc2 g6 28. Qd2 Kh7 29. Qf4 Bb7 30. Qh4 Qd8 31. Qd4 Qc7 32. Rd1 Rac8 33. Qh4 Kg7 34. Bf4 Rh8 35. Nxc5 Nxc5 36. Qf6+ Kg8 37. Rd8+ Kh7 38. Qxh8# 1-0

[Event "WYCC 2018 G14"]
[Site "Halkidiki"]
[Date "2018.10.23"]
[Round "5"]
[White "Caglar, Sila"]
[Black "Ziegenfuss, Antonia"]
[Result "1/2-1/2"]
[ECO "B40"]
[WhiteElo "2184"]
[BlackElo "1969"]
[Annotator "NA"]
[PlyCount "59"]
[EventDate "2018.10.20"]
[EventType "swiss"]
[EventCountry "GRE"]
[SourceTitle "playchess.com"]
[Source "ChessBase"]
[SourceQuality "1"]
[TimeControl "40/5400+30:1800+30"]

1. e4 c5 2. Nf3 e6 3. g3 Nc6 4. Bg2 Nf6 $11 {[%emt 0:00:10] LiveBook: 1010 Games} 5. Qe2 Be7 6. O-O d5 7. e5 Nd7 8. c3 b6 9. d3 Bb7 10. Re1 g5 11. h3 h5 12. Nbd2 Qc7 13. g4 hxg4 14. hxg4 O-O-O 15. Nf1 Rdg8 16. a3 Nf8 17. d4 f5 18. exf6 Bxf6 19. dxc5 bxc5 20. Ng3 e5 21. Nh5 Nd7 22. Nh2 e4 23. f3 Be5 24. Nf1 exf3 25. Qxf3 d4 26. cxd4 Bxd4+ 27. Be3 Rf8 28. Qe2 Bxe3+ 29. Qxe3 Nce5 30. Nh2 1/2-1/2

[Event "WYCC 2018 G14"]
[Site "Halkidiki"]
[Date "2018.10.23"]
[Round "5"]
[White "Song, Yuxin"]
[Black "Ning, Kaiyu"]
[Result "0-1"]
[ECO "B01"]
[WhiteElo "2178"]
[BlackElo "2217"]
[Annotator "NA"]
[PlyCount "70"]
[EventDate "2018.10.20"]
[EventType "swiss"]
[EventCountry "GRE"]
[SourceTitle "playchess.com"]
[Source "ChessBase"]
[SourceQuality "1"]
[TimeControl "40/5400+30:1800+30"]

1. e4 d5 2. exd5 Qxd5 3. Nc3 Qa5 4. d4 c6 5. Bc4 Bf5 6. Bd2 Nf6 7. Nf3 e6 8. O-O Qc7 9. h3 h6 {[%emt 0:00:17] B01: Skandinavische Verteidigung} (9... Nbd7 10. Qe2 Bd6 11. Nh4 Bg6 12. Nxg6 hxg6 13. Rab1 Nb6 14. Bd3 Bh2+ 15. Kh1 Bf4 16. Bxf4 Qxf4 17. Qe5 {0-1 (25) Sean,W (2385)-Sarkar,J (2429) Budapest 2014}) 10. Ne5 Nbd7 11. f4 $146 ({Vorgänger:} 11. Re1 Be7 12. Bf4 Nxe5 13. dxe5 Nd7 14. Qe2 O-O 15. a3 Nb6 16. Bb3 Rad8 17. Rad1 Rxd1 18. Rxd1 {0-1 (43) Guseinov,V-Ismailov,I Baku 2000}) 11... Qb6 12. Ne2 Nxe5 13. fxe5 Ne4 14. Bc1 O-O-O 15. c3 Nc5 ({Better is} 15... g5 $14) 16. Ng3 Bg6 17. h4 Rd7 18. h5 Bh7 19. Kh1 Qd8 20. Rf4 g5 21. Rf1 $14 Ne4 22. Nxe4 Bxe4 23. Qe2 Bd5 24. Bd3 g4 25. Qxg4 Bc5 26. Be4 Rg8 27. Qf4 Rg5 28. Bxd5 Rf5 29. Qxf5 exf5 30. Bb3 Rxd4 31. g3 Rh4+ 32. Kg2 Qd3 33. Re1 Bf2 34. Bf4 Bxg3 35. Bxg3 Rg4 0-1

[Event "WYCC 2018 G14"]
[Site "Halkidiki"]
[Date "2018.10.23"]
[Round "5"]
[White "Allahverdiyeva, Ayan"]
[Black "Velea, Anne-Marie"]
[Result "1-0"]
[ECO "B76"]
[WhiteElo "2116"]
[BlackElo "1859"]
[Annotator "NA"]
[PlyCount "73"]
[EventDate "2018.10.20"]
[EventType "swiss"]
[EventCountry "GRE"]
[SourceTitle "playchess.com"]
[Source "ChessBase"]
[SourceQuality "1"]
[TimeControl "40/5400+30:1800+30"]

1. e4 c5 2. Nf3 d6 3. d4 cxd4 4. Nxd4 Nf6 5. Nc3 g6 6. Be3 Bg7 7. f3 O-O 8. Qd2 Nc6 9. O-O-O Nxd4 10. Bxd4 Be6 11. Kb1 Qc7 12. h4 Rfc8 13. h5 Qa5 14. hxg6 fxg6 15. a3 Rab8 16. Bd3 Bf7 17. Qe3 b5 18. Nd5 $16 (18. Bxa7 b4 $17) 18... Rb7 19. Qg5 Qd8 20. Qh4 e5 21. Be3 Bxd5 22. exd5 a6 23. Bg5 Rf7 24. g4 Rb8 25. Bxf6 Bxf6 26. g5 Bxg5 27. Qg4 Rg7 28. Qe6+ Kf8 29. Rdg1 h6 30. Rxg5 Qxg5 31. Qxd6+ Kf7 32. Qxb8 h5 33. Qb6 Qg2 34. Rg1 Qd2 35. Bxg6+ Kf8 36. Qf6+ Rf7 37. Qxf7# {[%emt 0:00:03] Ke8 Qf8+ Kxf8} 1-0